 Dungeon Crawl Stone Soup version 0.27-a0-1456-gf5a116941d (webtiles) character file.

Game seed: 7764764502458099222

126 Tocho the Ruffian (level 5, 0/43 HPs)
             Began as a Gnoll Wanderer on July 5, 2021.
             Succumbed to a scorpion's poison
             ... on level 4 of the Dungeon.
             The game lasted 00:02:35 (1714 turns).

Tocho the Ruffian (Gnoll Wanderer)                  Turns: 1714, Time: 00:02:36

Health: 0/43       AC:  5    Str: 16    XL:     5   Next: 9%
Magic:  0/7        EV: 11    Int: 10    God:
Gold:   93         SH:  0    Dex:  9    Spells: 6/6 levels left

rFire    + . .     SeeInvis .     - Unarmed
rCold    . . .     Faith    .   (no shield)
rNeg     . . .     Spirit   +   d - +2 leather armour {rPois}
rPois    +         Reflect  .   (no helmet)
rElec    .         Harm     .   (no cloak)
rCorr    .         Rampage  .   (no gloves)
Will     .....                  (no boots)
Stlth    ++........             j - amulet of guardian spirit
HPRegen  0.14/turn              i - ring of protection from fire
MPRegen  0.10/turn              (no ring)

@: lethally poisoned (0 -> -4)
A: fangs 1, strong nose, distributed training
a: no special abilities


You were on level 4 of the Dungeon.
You visited 1 branch of the dungeon, and saw 4 of its levels.

You collected 93 gold pieces.

Inventory:

Hand Weapons
 a - a +0 club
Missiles
 f - 7 javelins (quivered)
Armour
 b - a +0 robe
 d - a +2 leather armour of poison resistance (worn)
Jewellery
 i - a ring of protection from fire (left hand)
 j - an amulet of guardian spirit (around neck)
Scrolls
 c - 2 scrolls of blinking
 e - a scroll of enchant weapon {unknown}
 h - a scroll of enchant armour {unknown}
Potions
 g - a potion of curing {unknown}


   Skills:
 + Level 4.7 Fighting
 + Level 1.3 Short Blades
 + Level 1.3 Long Blades
 + Level 1.3 Axes
 + Level 1.3 Maces & Flails
 + Level 1.3 Polearms
 + Level 1.3 Staves
 + Level 1.3 Slings
 + Level 1.3 Bows
 + Level 4.7 Crossbows
 + Level 1.3 Throwing
 + Level 4.7 Armour
 + Level 1.3 Dodging
 + Level 2.7 Stealth
 + Level 1.3 Shields
 + Level 4.7 Unarmed Combat
 + Level 1.3 Spellcasting
 + Level 1.1 Conjurations
 + Level 1.1 Hexes
 + Level 1.1 Summonings
 + Level 1.1 Necromancy
 + Level 1.1 Translocations
 + Level 1.1 Transmutations
 + Level 1.1 Fire Magic
 + Level 1.1 Ice Magic
 + Level 1.1 Air Magic
 + Level 1.1 Earth Magic
 + Level 1.1 Poison Magic
 + Level 1.5 Invocations
 + Level 2.9 Evocations


You had 6 spell levels left.
You didn't know any spells.
Your spell library contained the following spells:

 Spells                   Type           Power      Damage    Failure   Level
 Foxfire                  Conj/Fire      8%         2x1d4     26%         1
 Freeze                   Ice            8%         1d3       26%         1
 Conjure Flame            Conj/Fire      2%         6-21      58%         3
 Frozen Ramparts          Ice            4%         1d2       58%         3


Dungeon Overview and Level Annotations

Branches:
Dungeon (4/15)
 Temple: D:4-7

Altars:
Xom
Zin


Innate Abilities, Weirdness & Mutations

You have very sharp teeth.
Your uncanny sense of smell can sniff out nearby items.
Your experience applies equally to all skills.


Message History

You are poisoned.
The scorpion poisons you!
You completely miss the scorpion. Your bite misses the scorpion.
The scorpion is moderately wounded.
You feel very sick.
The scorpion stings you but does no damage.
You hit the scorpion. Your bite misses the scorpion.
The scorpion is severely wounded.
You feel sick. The scorpion stings you.
* * * LOW HITPOINT WARNING * * *
You hit the scorpion.
You bite the scorpion, but do no damage.
The scorpion is almost dead.
* * * LOW HITPOINT WARNING * * *
You feel sick. The scorpion closely misses you.
The scorpion stings you but does no damage.
You hit the scorpion but do no damage.
The scorpion is almost dead.
* * * LOW HITPOINT WARNING * * *
You feel sick. The scorpion stings you!
* * * LOW HITPOINT WARNING * * *
You hit the scorpion.
You kill the scorpion!
* * * LOW HITPOINT WARNING * * *
You feel sick.
Your Conjurations skill increases to level 1!
Your Hexes skill increases to level 1!
Your Summonings skill increases to level 1!
Your Necromancy skill increases to level 1!
Your Translocations skill increases to level 1!
Your Transmutations skill increases to level 1!
Your Fire Magic skill increases to level 1!
Your Ice Magic skill increases to level 1!
Your Air Magic skill increases to level 1!
Your Earth Magic skill increases to level 1!
Your Poison Magic skill increases to level 1!
You have reached level 5!
You barely miss the adder.
The adder is heavily wounded.
You die...

.... ..........#
. .......... ..
.......... ...
#?.......# ....
.........## ....
.........w###..#
.......?.wS@...#
(......<..####.#
..........# ∆
..$......$#
.........##
##.....$##
#..#....∆
#.##.### .. ..


You could see an adder and 2 dart slugs.

Vanquished Creatures
  A scorpion (D:4)
  A hound skeleton (D:3)
  2 adders
  A worm (D:2)
  A dart slug (D:2)
  3 ball pythons
  4 endoplasms
  A giant cockroach (D:2)
  2 goblins (D:2)
  2 hobgoblins (D:3)
  4 jackals (D:3)
  2 quokkas
  2 bats (D:3)
  A frilled lizard (D:3)
  2 kobolds
  2 rats (D:2)
31 creatures vanquished.

Notes
Turn   | Place    | Note
-------+----------+-------------------------------------------
     0 | D:1      | Tocho the Gnoll Wanderer began the quest for the Orb.
     0 | D:1      | Tocho set off with the following items: a +0 club, a +0
                  | robe, 2 scrolls of blinking; and the following spells
                  | available to memorise: Foxfire, Freeze, Conjure Flame,
                  | Frozen Ramparts
     0 | D:1      | Reached XP level 1. HP: 20/20 MP: 1/1
     8 | D:1      | You fall into a shaft and drop 1 floor!
   252 | D:2      | Reached XP level 2. HP: 20/26 MP: 2/2
   844 | D:2      | Reached XP level 3. HP: 31/31 MP: 3/3
  1120 | D:3      | Reached skill level 1 in Invocations
  1344 | D:3      | Found a shimmering altar of Xom.
  1344 | D:3      | Noticed an angel
  1349 | D:3      | Found a glowing silver altar of Zin.
  1419 | D:3      | Reached skill level 1 in Short Blades
  1419 | D:3      | Reached skill level 1 in Long Blades
  1419 | D:3      | Reached skill level 1 in Axes
  1419 | D:3      | Reached skill level 1 in Maces & Flails
  1419 | D:3      | Reached skill level 1 in Polearms
  1419 | D:3      | Reached skill level 1 in Staves
  1419 | D:3      | Reached skill level 1 in Slings
  1419 | D:3      | Reached skill level 1 in Bows
  1419 | D:3      | Reached skill level 1 in Throwing
  1419 | D:3      | Reached skill level 1 in Dodging
  1419 | D:3      | Reached skill level 1 in Shields
  1419 | D:3      | Reached skill level 1 in Spellcasting
  1481 | D:3      | Reached XP level 4. HP: 33/38 MP: 5/5
  1692 | D:4      | Noticed a scorpion
  1713 | D:4      | Killed a scorpion
  1713 | D:4      | HP: 1/38 [poisoned by a scorpion]
  1714 | D:4      | Reached skill level 1 in Conjurations
  1714 | D:4      | Reached skill level 1 in Hexes
  1714 | D:4      | Reached skill level 1 in Summonings
  1714 | D:4      | Reached skill level 1 in Necromancy
  1714 | D:4      | Reached skill level 1 in Translocations
  1714 | D:4      | Reached skill level 1 in Transmutations
  1714 | D:4      | Reached skill level 1 in Fire Magic
  1714 | D:4      | Reached skill level 1 in Ice Magic
  1714 | D:4      | Reached skill level 1 in Air Magic
  1714 | D:4      | Reached skill level 1 in Earth Magic
  1714 | D:4      | Reached skill level 1 in Poison Magic
  1714 | D:4      | Reached XP level 5. HP: 1/43 MP: 0/7
  1714 | D:4      | Succumbed to a scorpion's poison

Illustrated notes

Levels and vault maps discovered:
D:1:      dpeg_arrival_three_same_balls, layout_loops_ring,
          basic_ecumenical_altar, st_stairs_5
D:2:      layout_loops_cross
D:3:      layout_loops_ring, grunt_temple_overflow_order_and_chaos_1
D:4:      layout_rooms

Skill      XL: |  1  2  3  4 |
---------------+-------------+-----
Invocations    | 1 |  1.5
Short Blades   | 1 |  1.3
Long Blades    | 1 |  1.3
Axes           | 1 |  1.3
Maces & Flails | 1 |  1.3
Polearms       | 1 |  1.3
Staves         | 1 |  1.3
Slings         | 1 |  1.3
Bows           | 1 |  1.3
Throwing       | 1 |  1.3
Dodging        | 1 |  1.3
Shields        | 1 |  1.3
Spellcasting   | 1 |  1.3
Conjurations   | 1 |  1.1
Hexes          | 1 |  1.1
Summonings     | 1 |  1.1
Necromancy     | 1 |  1.1
Translocations | 1 |  1.1
Transmutations | 1 |  1.1
Fire Magic     | 1 |  1.1
Ice Magic      | 1 |  1.1
Air Magic      | 1 |  1.1
Earth Magic    | 1 |  1.1
Poison Magic   | 1 |  1.1
Fighting       | |  4.7
Crossbows      | |  4.7
Armour         | |  4.7
Stealth        | |  2.7
Unarmed Combat | |  4.7
Evocations     | |  2.9

Action                   |  1- 3 |  4- 6 || total
-------------------------+-------+-------++-------
Melee: Unarmed           |    99 |    23 ||   122
       Bite              |     7 |     2 ||     9
       Punch             |     1 |     1 ||     2
 Stab: Sleeping          |     3 |     1 ||     4
Armor: Leather armour    |    29 |     9 ||    38
Dodge: Dodged            |    49 |    15 ||    64

Table legend: (Time is in decaauts)
 A = Elapsed time spent in this place.
 B = Non-inter-level travel time spent in this place.
 C = Inter-level travel time spent in this place.
 D = Time resting spent in this place.
 E = Time spent auto-exploring this place.
 F = Levels seen in this place.
 G = Mean time per level.
                   A        B        C        D        E       F      G
               +--------+--------+--------+--------+--------+-----+--------+
         Total |   1702 |   1637 |     65 |      0 |   1403 |   4 |  425.5 |
       Dungeon |   1702 |   1637 |     65 |      0 |   1403 |   4 |  425.5 |
               +--------+--------+--------+--------+--------+-----+--------+

Top non-repeatable levels by time:
     D:2: 895 daAuts
     D:3: 779 daAuts
     D:4: 20 daAuts
     D:1: 7 daAuts
